 Dungeon Crawl Stone Soup version 0.18.1-48-g4cf74bf (webtiles) character file.

669213 Peloso the Minotaur Barricade (level 27, -3/272 (273) HPs)
             Began as a Minotaur Fighter on July 17, 2016.
             Was the Champion of Okawaru.
             Killed from afar by a hellion (26 damage)
             ... with damnation
             ... summoned by a lich
             ... on level 1 of the Tomb of the Ancients.
             The game lasted 06:21:49 (87246 turns).

Peloso the Minotaur Barricade (Minotaur Fighter)   Turns: 87246, Time: 06:21:49

HP:   -3/272 (273)  AC: 51    Str: 40    XL:     27
MP:   0/25          EV: 21    Int: 13    God:    Okawaru [******]
Gold: 5517          SH: 26    Dex: 23    Spells: 0 memorised, 26 levels left

rFire  + + +     SeeInvis .     C - +9 double sword (elec)
rCold  + + +     Gourm    .     y - +7 gold dragon armour
rNeg   . . .     Faith    .     N - +2 shield {AC+3}
rPois  +         Spirit   +     t - +2 hat {Spirit}
rElec  +         Dismiss  .     l - +1 cloak {MR+}
rCorr  +         Reflect  +     m - +2 pair of gloves "Qeeriuva" {Int+6}
SustAt .         Harm     .     J - +2 pair of boots {Fly}
MR     +++..     Rnd*Rage +     F - amulet of Kidwouf {Reflect rF++ rC+ Int-2 Dex+4 SH+3 Stlth-}
Stlth  ..........               z - ring of Doubts {AC+3 Str+2 Int+4 Dex+4}
                                w - ring "Zoicih" {rF+ rC+ Str+9 Stlth-}

@: resistant, flying, very slightly contaminated, hasted, drained, very quick,
extremely resistant to hostile enchantments, extremely unstealthy
A: retaliatory headbutt, horns 2, berserk 1, fire resistance 1, MP-powered wands
a: Heroism, Finesse, Renounce Religion, Stop Flying
}: 4/15 runes: decaying, slimy, silver, gossamer


You were on level 1 of the Tomb of the Ancients.
You worshipped Okawaru.
Okawaru was exalted by your worship.
You were not hungry.

You visited 13 branches of the dungeon, and saw 58 of its levels.
You visited the Abyss 1 time.
You also visited: Ossuary.

You collected 8379 gold pieces.
You spent 2862 gold pieces at shops.

Inventory:

Hand Weapons
 c - a +2 antimagic double sword
 e - a +0 vampiric double sword
 v - the +8 long sword of Rubbish {antimagic, rElec Int-3 SInv}
   (You found it on level 1 of the Orcish Mines)

   It disrupts the flow of magical energy around spellcasters and certain
   magical creatures (including the wielder).
   It affects your intelligence (-3).
   It insulates you from electricity.
   It lets you see invisible.
 C - a +9 double sword of electrocution (weapon)
 E - the +9 long sword of Soikho {flame, rN++ Int+4 SInv Stlth+}
   (Okawaru gifted it to you on level 1 of the Depths)

   It has been specially enchanted to burn those struck by it, causing extra
   injury to most foes and up to half again as much damage against particularly
   susceptible opponents.
   Big, fiery blades are also staple armaments of hydra-hunters.
   It affects your intelligence (+4).
   It greatly protects you from negative energy.
   It lets you see invisible.
   It makes you more stealthy.
Armour
 l - a +1 cloak of magic resistance (worn)
 m - the +2 pair of gloves "Qeeriuva" (worn) {Int+6}
   (You found it on level 6 of the Pits of Slime)

   It affects your intelligence (+6).
 t - a +2 hat of spirit shield (worn)
 y - a +7 gold dragon armour (worn)
 I - a +0 large shield of positive energy
 J - a +2 pair of boots of flying (worn)
 N - a +2 shield of protection (worn)
Jewellery
 b - a +3 ring of protection
 w - the ring "Zoicih" (left hand) {rF+ rC+ Str+9 Stlth-}
   (You found it on level 1 of the Lair of Beasts)

   [ring of protection from cold]

   It affects your strength (+9).
   It protects you from fire.
   It protects you from cold.
   It makes you less stealthy.
 z - the ring of Doubts (right hand) {AC+3 Str+2 Int+4 Dex+4}
   (You found it on level 6 of the Pits of Slime)

   [ring of protection]

   It affects your AC (+3).
   It affects your strength (+2).
   It affects your intelligence (+4).
   It affects your dexterity (+4).
 F - the amulet of Kidwouf (around neck) {Reflect rF++ rC+ Int-2 Dex+4 SH+3 Stlth-}
   (You took it off a deep elf elementalist on level 3 of the Elven Halls)

   [amulet of reflection]

   It shields you and reflects attacks.
   It affects your intelligence (-2).
   It affects your dexterity (+4).
   It greatly protects you from fire.
   It protects you from cold.
   It affects your SH (+3).
   It makes you less stealthy.
Wands
 j - a wand of flame (16/48)
 k - a wand of iceblast (11/15)
 G - a wand of digging (17/24)
 V - a wand of disintegration (5/24)
 X - a wand of teleportation (3/9)
 Y - a wand of teleportation (4/9)
Scrolls
 a - 4 scrolls of magic mapping
 g - 4 scrolls of identify
 n - 21 scrolls of remove curse
 p - 11 scrolls of recharging
 q - a scroll of holy word
 H - a scroll of silence
 O - 6 scrolls of fog
 Q - 2 scrolls of fear
Potions
 d - 5 potions of might
 i - 3 potions of haste
 r - a potion of ambrosia
 s - 10 potions of agility
 u - 7 potions of curing
 M - 3 potions of resistance
 S - 4 potions of berserk rage
 U - 7 potions of invisibility
 W - 4 potions of cure mutation
Comestibles
 f - 21 bread rations
 h - 26 meat rations


   Skills:
 O Level 27(25.4) Fighting
 O Level 27(25.4) Long Blades
   Level 1.4(0.6) Axes
 + Level 25.1(23.6) Armour
 + Level 15.8(14.5) Dodging
 + Level 3.6(2.7) Stealth
 O Level 27(25.4) Shields
 + Level 4.3(3.3) Invocations
 + Level 2.9(2.0) Evocations


You had 26 spell levels left.
You didn't know any spells.

Dungeon Overview and Level Annotations

Branches:
Dungeon (15/15)            Temple (1/1) D:6            Lair (8/8) D:9
  Swamp (4/4) Lair:3       Spider (4/4) Lair:4        Slime (6/6) Lair:6
    Orc (2/2) D:12            Elf (3/3) Orc:2        Vaults (5/5) D:14
  Crypt (3/3) Vaults:2       Tomb (1/3) Crypt:3      Depths (5/5) D:15
   Hell (1/1)                 Geh (0/7) Hell            Tar (0/7) Hell
    Zot (0/5) Depths:5
    Dis: Hell:1         Coc: Hell:1

Altars:
Ashenzari
Cheibriados
Dithmenos
Elyvilon
Fedhas
Gozag
Kikubaaqudgha
Makhleb
Nemelex Xobeh
Okawaru
Pakellas
Qazlal
Ru
Sif Muna
Trog
Vehumet
Xom
Yredelemnul
Zin
The Shining One
Beogh
Jiyva

Shops:
D:10 !   D:14 ?   Orc:2 %[?:(   Elf:1 =   Elf:2 %}?[*   Vaults:1 !   Vaults:3 (
Vaults:4 =[*   Vaults:5 *

Portals:
Hell: Lair:8 Depths:1 Depths:2 Depths:3 Depths:4 Depths:5
Abyss: Depths:1 Depths:3 Depths:4 Depths:5
Pandemonium: Depths:2 Depths:3
Ziggurat: Depths:3

Annotations:
Hell Geryon


Innate Abilities, Weirdness & Mutations

You reflexively headbutt those who attack you in melee.
You have a pair of horns on your head.
You tend to lose your temper in combat.
Your flesh is heat resistant.
You expend magic power (3 MP) to strengthen your wands.


Message History

The Ice Fiend calls on the powers of darkness!
Your body is wracked with pain!
* * * LOW HITPOINT WARNING * * *
You are very lightly contaminated with residual magic.
The lich gestures at you while chanting.
You resist with almost no effort.
The lich casts a spell.
The lich flickers and vanishes!
Deactivating autopickup; reactivate with Ctrl-A.
The hellion gestures at you.
The damnation unfurls!
The damnation engulfs you!
* * * LOW HITPOINT WARNING * * *
Drink which item? (? for menu, Esc to quit)
You feel protected.
The Ice Fiend calls on the powers of darkness!
Your body is wracked with pain!
* * * LOW HITPOINT WARNING * * *
The hellion gestures at you.
The damnation unfurls!
The damnation engulfs you!
You die...

#################################
...........(.....................
.................................
.................................
.................................
.÷...............................
÷..(.............................
..................⌠.⌠............
................@................
.................................
.................................
.................8...8....^......
..................2..............
################.......##########
#.8..18M# #.....8.# #.......#


You could see an Ice Fiend, an ushabti, a hellion and a mummy.

Vanquished Creatures
  the Royal Jelly (Slime:6)
  Mara (Crypt:2)
  Mennas (Vaults:4)
  5 ancient liches
  Sojobo (Depths:3)
  Boris (Vaults:2)
  Norris (Depths:3)
  Saint Roka (Depths:1)
  the Lernaean hydra (Swamp:4)
  5 golden dragons
  An iron giant (Depths:5)
  Jory (Depths:2)
  Arachne (Spider:2)
  The ghost of Anmu the Sniper, a veteran FoFi of Okawaru (Slime:4)
  Jorgrun (Vaults:4)
  A bone dragon (Vaults:2)
  Rupert (D:13)
  A hellephant (Hell)
  2 liches (Crypt:3)
  3 tentacled monstrosities
  4 deep elf blademasters
  2 deep elf master archers (Elf:3)
  5 titans
  8 sphinxes
  A thorn hunter (Swamp:2)
  39 acid blobs
  Murray (Lair:8)
  2 sphinxes (shapeshifter) (Depths:3)
  4 ancient champions
  8 tengu reavers
  4 storm dragons
  8 shadow dragons
  A draconian monk (Depths:5)
  Kirke (Elf:1)
  6 fire giants
  Donald (D:13)
  29 azure jellies
  15 vault wardens
  Maud (Lair:4)
  Aizul (Vaults:4)
  6 frost giants
  A draconian knight (Depths:5)
  An orc warlord (Elf:1)
  The ghost of raetorn the End of an Era, a journeyman DsGl of Qazlal (D:15)
  9 ghost moths
  11 deep elf sorcerers
  6 deep elf elementalists
  6 curse skulls
  9 reapers
  Louise (Spider:1)
  5 emperor scorpions
  A draconian annihilator (Depths:5)
  20 stone giants
  9 ghouls
  5 war gargoyles
  A caustic shrike skeleton (Crypt:2)
  23 ironheart preservers
  28 very ugly things
  A green draconian (Depths:5)
  13 deep elf demonologists
  A lorocyproca (Lair:8)
  15 vampire knights
  2 salamander stormcallers
  A yellow draconian (Depths:5)
  A black draconian (Depths:5)
  A green draconian (shapeshifter) (Depths:3)
  13 deep elf annihilators
  A mottled draconian (Depths:5)
  4 spark wasps
  10 eidola
  14 ettins
  15 deep elf death magi
  19 death oozes
  A merfolk javelineer (Depths:4)
  33 vault guards
  17 crystal guardians
  2 mummy priests
  11 jiangshi
  11 great orbs of eyes
  16 fire dragons
  8 deep elf high priests
  8 entropy weavers
  4 yaktaur captains
  6 rakshasas
  26 hydras
  2 ghost crabs
  An ice dragon (shapeshifter) (Depths:5)
  A spriggan air mage (Depths:3)
  5 ice dragons
  11 centaur warriors
  2 hell beasts
  4 death knights
  A satyr (shapeshifter) (Vaults:5)
  A queen ant (shapeshifter) (Vaults:4)
  4 deep troll shamans
  Erolcha (D:13)
  25 ogre magi
  50 dancing weapons
  7 tengu warriors
  A queen ant (Lair:5)
  2 death yaks (Lair:4)
  6 alligators
  2 titan zombies
  3 deep troll earth magi
  A shock serpent (shapeshifter) (Depths:3)
  17 vampire magi
  An orc high priest (Elf:1)
  Sonja (D:13)
  4 sun demons
  10 soul eaters
  Urug (D:14)
  An iron golem (Depths:3)
  A spriggan berserker (Depths:5)
  A titan skeleton (Crypt:1)
  28 deep elf knights
  25 skeletal warriors
  2 storm dragon zombies
  9 hell knights
  An iron troll (shapeshifter) (Depths:3)
  15 shadow wraiths
  6 iron trolls
  2 fire crabs
  8 unseen horrors
  3 anaconda zombies
  10 deep trolls
  A death drake (shapeshifter) (Depths:5)
  12 giant orange brains
  A ghost moth zombie (Crypt:3)
  A shadow dragon zombie (Hell)
  16 deep elf archers
  9 flayed ghosts
  A spriggan druid (Swamp:4)
  An anubis guard (shapeshifter) (Depths:3)
  4 obsidian statues
  Pikel (D:8)
  A sphinx zombie (Vaults:4)
  3 anaconda skeletons
  21 hill giants
  11 ironbrand convokers
  9 swamp dragons
  A hill giant (shapeshifter) (Vaults:4)
  14 phantasmal warriors
  An anubis guard (Tomb:1)
  3 shambling mangroves
  3 frost giant zombies
  17 orc knights
  22 necromancers
  A fire giant zombie (Hell)
  16 wizards
  11 harpies
  An orange crystal statue (Depths:3)
  A hornet (shapeshifter) (Vaults:1)
  6 cyclopes
  A manticore (shapeshifter) (Vaults:4)
  An oklob plant (Lair:5)
  A wolf spider zombie (Crypt:1)
  13 griffons
  A shining eye (shapeshifter) (Vaults:4)
  16 orb spiders
  2 stone giant zombies
  42 wolf spiders
  An iron dragon zombie (Crypt:3)
  14 orc sorcerers
  10 shining eyes
  89 deep elf magi
  9 hornets
  Maurice (Orc:2)
  A sixfirhy (Lair:8)
  24 ugly things
  A moth of wrath (Spider:2)
  2 centaur zombies
  An elephant (shapeshifter) (D:15)
  2 octopodes (shapeshifter)
  8 elephants
  A guardian serpent (shapeshifter) (Vaults:4)
  A shock serpent zombie (Crypt:3)
  5 manticores
  A moth of wrath (shapeshifter) (Depths:1)
  A black mamba (shapeshifter) (D:15)
  A water nymph (shapeshifter) (Depths:2)
  A frost giant skeleton (Vaults:4)
  A dire elephant zombie (Tomb:1)
  A rust devil (Depths:5)
  A black mamba (Lair:4)
  2 iron dragon skeletons
  A fire giant skeleton (Tomb:1)
  A human skeleton (Vaults:4)
  20 vault sentinels
  8 eyes of devastation
  22 spiny frogs
  An orange demon (Lair:8)
  3 gargoyles (Depths:3)
  2 torpor snails
  2 molten gargoyles (Depths:3)
  A spiny frog (shapeshifter) (Depths:3)
  2 centaur skeletons
  22 yaktaurs
  A yaktaur zombie (Hell)
  8 komodo dragons
  A dire elephant skeleton (Crypt:3)
  18 freezing wraiths
  A kobold demonologist (Vaults:3)
  5 rime drakes (Lair:8)
  A hellion (Hell)
  16 ice devils
  20 demonic crawlers
  A ghost moth simulacrum (Hell)
  A merfolk (shapeshifter) (Vaults:5)
  A catoblepas skeleton (Crypt:3)
  3 red devils
  A redback zombie (D:14)
  8 guardian mummies
  6 trolls
  A green draconian skeleton (Crypt:2)
  2 hydra zombies
  A tengu conjurer (Depths:5)
  14 hellwings
  32 jumping spiders
  4 trolls (shapeshifter)
  A polar bear (shapeshifter) (Vaults:4)
  2 giant leeches
  2 wind drakes (Depths:3)
  117 slime creatures
  50 two-headed ogres
  A polar bear (Lair:6)
  Prince Ribbit (D:5)
  A small abomination (Vaults:5)
  2 raiju (Depths:3)
  A minotaur skeleton (Crypt:2)
  18 bog bodies
  6 boulder beetles
  29 blink frogs
  An ettin zombie (Crypt:3)
  A frost giant simulacrum (Vaults:2)
  13 air elementals
  9 flying skulls (Tomb:1)
  An alligator skeleton (Crypt:1)
  11 water elementals
  70 redbacks
  8 shadows
  A tarantella (shapeshifter) (Depths:3)
  3 spriggans
  26 tarantellas
  18 wraiths
  5 wyverns
  10 hippogriffs
  7 hogs
  8 golden eyes
  49 yaks
  2 hippogriffs (shapeshifter)
  8 fire elementals
  4 basilisks
  2 hungry ghosts
  A human (shapeshifter) (Depths:3)
  17 humans
  A steam dragon (shapeshifter) (Depths:3)
  13 vampire mosquitoes
  8 wargs
  Edmund (D:6)
  2 mottled dragons
  A wind drake skeleton (Crypt:1)
  15 swamp worms
  Menkaure (D:7)
  A water nymph zombie (Crypt:2)
  7 soldier ants
  7 hell hounds
  7 insubstantial wisps
  15 water moccasins
  2 giant eyeballs (Depths:1)
  2 giant eyeballs (shapeshifter)
  5 sky beasts
  A spiny frog zombie (Crypt:3)
  10 porcupines
  An ice beast (shapeshifter) (Depths:3)
  2 swamp dragon zombies
  16 swamp drakes
  A spiny frog skeleton (Crypt:3)
  An elf zombie (Vaults:4)
  A black bear (Lair:2)
  14 wasps
  48 orc warriors
  12 eyes of draining
  6 ice beasts
  An anubis guard zombie (Crypt:1)
  6 necrophages
  A manticore zombie (Crypt:3)
  2 tengu (shapeshifter) (Depths:3)
  3 phantoms
  8 boggarts
  91 ogres
  5 wolves
  26 centaurs
  A snapping turtle skeleton (Crypt:2)
  22 crocodiles
  A big kobold (D:11)
  23 giant frogs
  13 earth elementals
  3 scorpions
  A scorpion (shapeshifter) (Depths:3)
  9 wyvern skeletons (Crypt:3)
  18 killer bees
  3 wights (Crypt:2)
  A howler monkey (D:9)
  A troll skeleton (Crypt:3)
  3 electric eels (Spider:1)
  8 crimson imps
  2 giant frog zombies
  6 lava snakes (D:14)
  A wasp zombie (Crypt:1)
  3 human simulacra
  6 hounds
  43 jellies
  19 orc priests
  33 orc wizards
  Crazy Yiuf (D:6)
  2 human zombies
  3 giant frog skeletons
  Natasha (thrice) (D:4)
  10 iguanas
  5 hell rats
  34 worker ants
  24 sheep
  A killer bee zombie (D:6)
  A big kobold zombie (Ossuary)
  A dwarf skeleton (Crypt:2)
  9 mummies
  2 worker ant zombies
  5 gnolls
  71 river rats
  A steam dragon zombie (Crypt:2)
  11 adders
  A howler monkey skeleton (D:5)
  4 shadow imps
  A white imp (Depths:2)
  2 oozes
  2 adder zombies
  An adder skeleton (D:5)
  4 worms
  2 dart slugs
  7 giant geckos
  94 orcs
  5 ball pythons
  7 giant cockroaches
  A gnoll zombie (Ossuary)
  8 hobgoblins
  8 jackals
  13 kobolds
  3 quokkas
  10 bats
  A giant gecko skeleton (D:7)
  4 giant newts
  8 goblins
  A goblin zombie (Ossuary)
  A hobgoblin skeleton (Crypt:2)
  3 hobgoblin zombies (Ossuary)
  A kobold skeleton (Crypt:2)
  2 kobold zombies
  4 rats
  3 crawling corpses
  A fire vortex (Hell)
  4 fungi
  A plant (Lair:5)
  3 withered plants (Crypt:3)
2985 creatures vanquished.

Vanquished Creatures (collateral kills)
  A dancing weapon (Elf:1)
1 creature vanquished.

Vanquished Creatures (others)
  2 deep elf master archers (Elf:3)
  A tengu reaver (Vaults:5)
  An ironheart preserver (Vaults:4)
  2 stone giants
  3 yaktaur captains (Vaults:5)
  2 hydras
  A ghost crab (Swamp:4)
  An alligator (Swamp:4)
  A centaur warrior (Vaults:4)
  A shock serpent (shapeshifter) (Depths:3)
  A hell knight (Vaults:4)
  3 deep elf archers
  2 deep elf magi
  A hornet (Spider:2)
  A cyclops (Vaults:2)
  16 yaktaurs
  A jumping spider (Spider:4)
  A giant leech (Swamp:2)
  A raiju (Depths:3)
  2 redbacks (Spider:4)
  A fire elemental (Depths:3)
  3 water elementals (Depths:3)
  A yak (D:8)
  2 insubstantial wisps (Swamp:4)
  A warg (shapeshifter) (Depths:3)
  A necrophage (Crypt:2)
  2 boggarts
  2 ogres
  4 centaurs
  2 river rats (Lair:3)
  10 ball lightnings
  2 orcs
  3 jackals (D:8)
  2 fire vortices
  9 fungi
  11 lost souls
  64 plants
  19 withered plants (Crypt:3)
183 creatures vanquished.

Grand Total: 3169 creatures vanquished

Notes
Turn   | Place    | Note
--------------------------------------------------------------
     0 | D:1      | Peloso the Minotaur Fighter began the quest for the Orb.
     0 | D:1      | Reached XP level 1. HP: 19/19 MP: 0/0
   210 | D:1      | Reached XP level 2. HP: 27/27 MP: 1/1
   546 | D:1      | Reached XP level 3. HP: 28/33 MP: 2/2
  1281 | D:2      | Found a glowing silver altar of Zin.
  1367 | D:2      | Reached skill level 1 in Dodging
  1377 | D:2      | Found a stormy altar of Qazlal.
  1632 | D:3      | Reached XP level 4. HP: 37/40 MP: 3/3
  2040 | D:4      | Noticed Natasha
  2266 | D:4      | Killed Natasha
  2303 | D:4      | Reached XP level 5. HP: 47/47 MP: 4/4
  2314 | D:4      | Noticed Natasha
  2321 | D:4      | Killed Natasha
  2321 | D:4      | Noticed Natasha
  2328 | D:4      | Killed Natasha
  2328 | D:4      | Reached skill level 5 in Armour
  2713 | D:4      | Found a shimmering altar of Xom.
  2720 | D:4      | Found a shimmering altar of Xom.
  2722 | D:4      | Found a shimmering altar of Xom.
  2727 | D:4      | Found a shimmering altar of Xom.
  2728 | D:4      | You fall through a shaft for 3 floors!
  2728 | D:7      | Noticed a centaur
  2735 | D:7      | Killed a centaur
  2735 | D:7      | Reached XP level 6. HP: 49/53 MP: 5/5
  2757 | D:6      | Found a staircase to the Ecumenical Temple.
  2801 | Temple   | Entered the Ecumenical Temple
  2898 | D:6      | Noticed Crazy Yiuf
  2905 | D:6      | Killed Crazy Yiuf
  2942 | D:6      | Noticed a sky beast
  2943 | D:6      | Found a sand-covered staircase.
  2967 | D:6      | Killed a sky beast
  2967 | D:6      | Reached skill level 5 in Shields
  2991 | D:6      | Reached skill level 5 in Fighting
  2991 | D:6      | Reached XP level 7. HP: 58/61 MP: 6/6
  2999 | Ossuary  | Entered an ossuary
  3412 | D:6      | Reached skill level 5 in Long Blades
  3430 | D:5      | Entered Level 5 of the Dungeon
  3470 | D:5      | Found a shattered altar of Ashenzari.
  3756 | D:4      | Found a deep blue altar of Sif Muna.
  4034 | D:5      | Got a twisted plate armour
  4045 | D:5      | Identified the +4 plate armour of Protective Custody {Stlth+} (You found it on level 5 of the Dungeon)
  4074 | D:5      | Reached XP level 8. HP: 70/70 MP: 7/7
  4078 | D:5      | Noticed Prince Ribbit
  4102 | D:5      | Killed Prince Ribbit
  4302 | D:5      | Found a snail-covered altar of Cheibriados.
  4525 | D:6      | Found an ancient bone altar of Kikubaaqudgha.
  4624 | D:6      | Noticed Edmund
  4639 | D:6      | Killed Edmund
  4800 | D:7      | Found a blossoming altar of Fedhas.
  5108 | D:7      | Reached XP level 9. HP: 78/78 MP: 8/8
  5654 | D:7      | Noticed Menkaure
  5661 | D:7      | Killed Menkaure
  5916 | D:8      | Found a sparkling altar of Nemelex Xobeh.
  6185 | D:8      | Noticed Pikel
  6198 | D:8      | Killed Pikel
  6198 | D:8      | Reached XP level 10. HP: 86/88 MP: 9/9
  6263 | D:8      | Found an iron altar of Okawaru.
  6269 | D:8      | Became a worshipper of Warmaster Okawaru
  6360 | D:8      | Found an ancient bone altar of Kikubaaqudgha.
  6364 | D:8      | Found a deep blue altar of Sif Muna.
  6366 | D:8      | Found a radiant altar of Vehumet.
  6371 | D:8      | Identified Vehumet's Catalogue of Combat Magic
  6740 | D:9      | Reached * piety under Okawaru
  6740 | D:9      | Reached skill level 10 in Shields
  7045 | D:9      | Found a staircase to the Lair.
  7210 | D:9      | Found an opulent altar of Gozag.
  7309 | D:9      | Found a shadowy altar of Dithmenos.
  7538 | D:10     | Entered Level 10 of the Dungeon
  7567 | D:10     | Reached skill level 10 in Long Blades
  7636 | D:10     | Reached skill level 1 in Stealth
  7688 | D:10     | Found Plog's Distillery.
  7690 | D:10     | Noticed a hill giant
  7696 | D:10     | Killed a hill giant
  7800 | D:10     | Reached ** piety under Okawaru
  8571 | D:11     | Reached skill level 10 in Armour
  8571 | D:11     | Reached XP level 11. HP: 90/97 MP: 10/10
  8631 | D:11     | Noticed a green ugly thing
  8642 | D:11     | Killed a green ugly thing
  8739 | D:11     | Noticed a hill giant
  8751 | D:11     | Killed a hill giant
  8751 | D:11     | Reached *** piety under Okawaru
  8781 | D:11     | Killed an unseen horror
  9132 | D:11     | Reached skill level 5 in Dodging
  9199 | D:11     | Noticed a hill giant
  9216 | D:11     | Killed a hill giant
  9278 | D:11     | Reached **** piety under Okawaru
  9372 | D:11     | Reached skill level 10 in Fighting
  9870 | D:11     | Found a basalt altar of Yredelemnul.
 10786 | D:11     | Killed an unseen horror
 11674 | D:12     | Noticed a white ugly thing
 11818 | Lair:1   | Entered Level 1 of the Lair of Beasts
 11977 | Lair:1   | Got a clouded steel ring
 11979 | Lair:1   | Identified the ring "Zoicih" {rF+ rC+ Str+9 Stlth-} (You found it on level 1 of the Lair of Beasts)
 12726 | Lair:2   | Received a gift from Okawaru
 12727 | Lair:2   | Reached XP level 12. HP: 69/107 MP: 11/11
 13343 | Lair:2   | Reached ***** piety under Okawaru
 14028 | Lair:3   | Found a staircase to the Swamp.
 14433 | Lair:4   | Received a gift from Okawaru
 14746 | Lair:4   | Noticed a death yak
 14747 | Lair:4   | Noticed a death yak
 14755 | Lair:4   | Killed a death yak
 14760 | Lair:4   | Killed a death yak
 14808 | Lair:4   | Found a hole to the Spider Nest.
 15237 | Lair:4   | Noticed Maud
 15250 | Lair:4   | Killed Maud
 15388 | Lair:4   | Received a gift from Okawaru
 15730 | Lair:5   | Noticed a queen ant
 15745 | Lair:5   | Killed a queen ant
 15745 | Lair:5   | Reached XP level 13. HP: 90/116 MP: 12/12
 16700 | Lair:6   | Found a staircase to the Slime Pits.
 17623 | Lair:7   | Reached ****** piety under Okawaru
 17627 | Lair:7   | Received a gift from Okawaru
 17983 | Lair:7   | Reached skill level 15 in Shields
 18409 | Lair:8   | Entered Level 8 of the Lair of Beasts
 18451 | Lair:8   | Reached skill level 1 in Axes
 18716 | Lair:8   | Received a gift from Okawaru
 18901 | Lair:8   | Reached skill level 15 in Long Blades
 18919 | Lair:8   | Reached XP level 14. HP: 127/127 MP: 13/13
 19296 | Lair:8   | Found a burning altar of Makhleb.
 19365 | Lair:8   | Found a gateway to Hell.
 19961 | D:12     | Found a staircase to the Orcish Mines.
 20424 | D:13     | Noticed Erolcha
 20434 | D:13     | Killed Erolcha
 20480 | D:13     | Found an oddly glowing altar of Pakellas.
 20960 | D:13     | Noticed Sonja
 20974 | D:13     | Killed Sonja
 21599 | D:13     | Received a gift from Okawaru
 21810 | D:14     | Found a gate to the Vaults.
 21810 | D:14     | Noticed Donald
 21810 | D:14     | Noticed Rupert
 21846 | D:13     | Killed Donald
 21861 | D:13     | Got a heavily runed shield {Donald}
 21874 | D:13     | Identified the cursed +0 shield "Vohaf" {MP+9 Str+4 Dex-5 SInv} (You took it off Donald on level 13 of the Dungeon)
 21957 | D:13     | Killed Rupert
 22227 | D:14     | Reached XP level 15. HP: 137/137 MP: 14/14
 22527 | D:14     | Noticed Urug
 22535 | D:14     | Killed Urug
 22563 | D:14     | Found Lysipn's Magic Scroll Emporium.
 22863 | D:15     | Entered Level 15 of the Dungeon
 23017 | D:15     | Found a staircase to the Depths.
 23017 | D:15     | Noticed a fire giant
 23032 | D:15     | Killed a fire giant
 23032 | D:15     | Received a gift from Okawaru
 23206 | D:15     | Noticed raetorn's ghost (journeyman DsGl)
 23228 | D:15     | Killed raetorn's ghost
 23789 | Orc:1    | Entered Level 1 of the Orcish Mines
 23971 | Orc:1    | Received a gift from Okawaru
 24008 | Orc:1    | Noticed a frost giant
 24026 | Orc:1    | Killed a frost giant
 24077 | Orc:1    | Got an ebony long sword
 24079 | Orc:1    | Got a twisted broad axe
 24096 | Orc:1    | Identified the +8 long sword of Rubbish {antimagic, rElec Int-3 SInv} (You found it on level 1 of the Orcish Mines)
 24097 | Orc:1    | Identified the +8 broad axe of Paofad Etenn {speed, rElec Int+4} (You found it on level 1 of the Orcish Mines)
 24756 | Orc:2    | Entered Level 2 of the Orcish Mines
 24877 | Orc:2    | Noticed Maurice
 24892 | Orc:2    | Killed Maurice
 24945 | Orc:2    | Found Faku Bik's Food Boutique.
 25063 | Orc:2    | Found Tokafiz's Antique Armour Shop.
 25106 | Orc:2    | Bought a pair of glowing gloves for 90 gold pieces
 25149 | Orc:2    | Found an ancient bone altar of Kikubaaqudgha.
 25150 | Orc:2    | Paralysed by an orc sorcerer for 6 turns
 25188 | Orc:2    | Found Zeczun's Magic Scroll Boutique.
 25200 | Orc:2    | Paralysed by an orc sorcerer for 2 turns
 25211 | Orc:2    | Found a radiant altar of Vehumet.
 25214 | Orc:2    | Received a gift from Okawaru
 25237 | Orc:2    | Bought a scroll of enchant weapon for 112 gold pieces
 25287 | Orc:2    | Found a roughly hewn altar of Beogh.
 25287 | Orc:2    | Found Xiere's Book Boutique.
 25325 | Orc:2    | Found Varch's Antique Weapon Shop.
 25591 | Orc:2    | Found a staircase to the Elven Halls.
 25663 | Elf:1    | Entered Level 1 of the Elven Halls
 25694 | Elf:1    | Reached skill level 15 in Fighting
 25988 | Elf:1    | Reached XP level 16. HP: 103/149 MP: 13/15
 26044 | Elf:1    | Noticed Kirke
 26057 | Elf:1    | Killed Kirke
 26197 | Elf:1    | Found Kostruh's Jewellery Boutique.
 26203 | Elf:1    | Bought an uncursed amulet of faith for 640 gold pieces
 26732 | Elf:1    | Found a roughly hewn altar of Beogh.
 26801 | Elf:1    | HP: 7/149 [orc warrior/halberd (10)]
 26820 | Elf:1    | Received a gift from Okawaru
 26830 | Elf:1    | Reached skill level 15 in Armour
 27314 | Elf:2    | Found Xeicas's Magic Scroll Boutique.
 27447 | Elf:2    | Found Oma Ytek's Food Shoppe.
 27743 | Elf:1    | HP: 7/150 [something/shard of ice (15)]
 28504 | Elf:2    | Found a runed gate.
 28504 | Elf:2    | Found a runed gate.
 28528 | Elf:2    | Found a runed gate.
 28635 | Elf:2    | Found Kydwyora's Gadget Emporium.
 29296 | Elf:2    | Received a gift from Okawaru
 29317 | Elf:2    | Found Nepis's Armour Boutique.
 31306 | D:14     | Bought a scroll of brand weapon for 320 gold pieces
 31805 | Elf:1    | Bought a cursed +5 amulet of reflection for 352 gold pieces
 32000 | Elf:2    | Found Lymamy's General Store.
 32010 | Elf:2    | Bought a potion of heal wounds for 100 gold pieces
 32097 | Elf:2    | Reached XP level 17. HP: 151/158 MP: 16/16
 32618 | Elf:2    | Noticed a deep elf blademaster
 32631 | Elf:2    | Killed a deep elf blademaster
 32805 | Elf:3    | Entered Level 3 of the Elven Halls
 33121 | Elf:3    | Noticed a deep elf master archer
 33129 | Elf:3    | Gained mutation: You are clumsy. (Dex -2) [a neqoxec]
 33130 | Elf:3    | Killed a deep elf master archer
 33450 | Elf:3    | Noticed a deep elf blademaster
 33974 | Elf:3    | Received a gift from Okawaru
 34233 | Elf:3    | Noticed a Tzitzimitl
 34483 | Elf:3    | Noticed a deep elf master archer
 34486 | Elf:3    | Killed a deep elf master archer
 34651 | Elf:3    | Reached XP level 18. HP: 125/170 MP: 15/17
 34803 | Elf:3    | Got a smoking steel amulet
 34827 | Elf:3    | Noticed an Ice Fiend
 34828 | Elf:3    | Noticed a Brimstone Fiend
 35079 | Elf:3    | Got a faintly glowing plate armour
 35301 | Elf:3    | Identified the cursed +0 plate armour "Qegoum" {MR++ Int+10} (You took it off a deep elf blademaster on level 3 of the Elven Halls)
 35429 | Elf:3    | Got a bound ivory ring
 35457 | Elf:3    | Noticed an Ice Fiend
 35479 | Elf:3    | Noticed a Hell Sentinel
 35479 | Elf:3    | Received a gift from Okawaru
 35945 | Elf:3    | Noticed a Hell Sentinel
 36275 | Elf:3    | Received a gift from Okawaru
 36494 | Elf:3    | Identified the amulet of Kidwouf {Reflect rF++ rC+ Int-2 Dex+4 SH+3 Stlth-} (You took it off a deep elf elementalist on level 3 of the Elven Halls)
 36522 | Elf:3    | Identified the ring "Law Haim" {Ice +Fly rElec Str+2} (You took it off a deep elf death mage on level 3 of the Elven Halls)
 36618 | Elf:3    | Reached skill level 1 in Invocations
 36666 | Elf:3    | Got a distressingly furry ring mail
 36667 | Elf:3    | Identified the cursed +1 ring mail of Bouwif {+Inv rC+ Regen+} (You found it on level 3 of the Elven Halls)
 36803 | Elf:3    | Got a jewelled plate armour
 36819 | Elf:3    | Identified the +0 plate armour "Kocruub" {rF- MR++} (You found it on level 3 of the Elven Halls)
 36849 | Elf:3    | Got a fine ruby amulet
 36851 | Elf:3    | Identified the amulet "Fop Mefo" {Dismiss rPois rF+ rN+ Int-2} (You took it off a deep elf annihilator on level 3 of the Elven Halls)
 37454 | Swamp:1  | Entered Level 1 of the Swamp
 37505 | Swamp:1  | Received a gift from Okawaru
 37508 | Swamp:1  | Got a pair of pitted boots {god gift}
 37519 | Swamp:1  | Identified the -3 pair of boots of Satisfaction {Slay+5 SInv} (Okawaru gifted it to you on level 1 of the Swamp)
 39884 | Swamp:4  | Entered Level 4 of the Swamp
 39901 | Swamp:4  | Reached XP level 19. HP: 179/179 MP: 18/18
 40397 | Swamp:4  | Noticed the 27-headed Lernaean hydra
 40405 | Swamp:4  | Killed the 27-headed Lernaean hydra
 40423 | Swamp:4  | Got a decaying rune of Zot
 40784 | Swamp:4  | Got a brightly glowing long sword
 40785 | Swamp:4  | Identified the +5 long sword of the Grave {holy, rF+ Dex+7 SInv} (You found it on level 4 of the Swamp)
 41273 | Spider:1 | Entered Level 1 of the Spider Nest
 41378 | Spider:1 | Received a gift from Okawaru
 41668 | Spider:1 | Noticed Louise
 41679 | Spider:1 | Cast into level 3 of the Abyss (Louise)
 41734 | Spider:1 | Escaped the Abyss
 41741 | Spider:1 | Killed Louise
 42267 | Spider:2 | Noticed Arachne
 42282 | Spider:2 | Killed Arachne
 42985 | Spider:3 | Received a gift from Okawaru
 42988 | Spider:3 | Got a faintly glowing demon blade {god gift}
 42989 | Spider:3 | Identified the +6 demon blade "Xesuh" {vamp, rF++ Dex+3} (Okawaru gifted it to you on level 3 of the Spider Nest)
 43494 | Spider:4 | Entered Level 4 of the Spider Nest
 44532 | Spider:4 | Reached XP level 20. HP: 154/189 MP: 16/19
 44645 | Spider:4 | Received a gift from Okawaru
 45272 | Spider:4 | Got a gossamer rune of Zot
 45958 | Vaults:1 | Entered Level 1 of the Vaults
 46025 | Vaults:1 | Found Ogasaa's Distillery.
 46740 | Vaults:1 | Received a gift from Okawaru
 46769 | Vaults:1 | Got a translucent demon blade {god gift}
 46770 | Vaults:1 | Identified the +1 demon blade of Okawaru's Envy {freeze, MR+} (Okawaru gifted it to you on level 1 of the Vaults)
 47601 | Vaults:2 | Noticed a bone dragon
 47603 | Vaults:2 | Found a staircase to the Crypt.
 47610 | Vaults:2 | Killed a bone dragon
 47754 | Vaults:2 | Received a gift from Okawaru
 47826 | Vaults:2 | Noticed Boris
 47850 | Vaults:2 | Killed Boris
 48318 | Vaults:2 | Received a gift from Okawaru
 48924 | Vaults:2 | Reached XP level 21. HP: 199/199 MP: 20/20
 49419 | Vaults:3 | Found Dahyseaf's Weapon Boutique.
 49821 | Vaults:3 | Received a gift from Okawaru
 50681 | Vaults:4 | Gained mutation: Your spells are a little easier to cast, but a little less powerful. [a shining eye]
 50683 | Vaults:4 | Gained mutation: Your body sometimes deteriorates upon taking damage. [a shining eye]
 50965 | Vaults:4 | Found Hoodoxtu's Jewellery Emporium.
 50965 | Vaults:4 | Found Tasoem's Assorted Antiques.
 50969 | Vaults:4 | Found Gequ's Antique Armour Emporium.
 51007 | Vaults:4 | Bought a +6 ring of protection for 1248 gold pieces
 51199 | Vaults:4 | Received a gift from Okawaru
 51376 | Vaults:4 | Noticed Aizul
 51391 | Vaults:4 | Killed Aizul
 52802 | Vaults:5 | Entered Level 5 of the Vaults
 52804 | Vaults:5 | Noticed a golden dragon
 52821 | Vaults:4 | Reached XP level 22. HP: 210/210 MP: 21/21
 53072 | Vaults:5 | Noticed an ancient lich
 53198 | Vaults:5 | Noticed an ancient lich
 53219 | Vaults:4 | Killed an ancient lich
 53219 | Vaults:4 | Received a gift from Okawaru
 54156 | Vaults:4 | Gained mutation: You occasionally shout uncontrollably at your foes. [a neqoxec]
 54167 | Vaults:4 | Received a gift from Okawaru
 54601 | Vaults:4 | Killed an ancient lich
 54749 | Vaults:4 | Killed a golden dragon
 55138 | Vaults:5 | Noticed a golden dragon
 55248 | Vaults:4 | Killed a golden dragon
 55248 | Vaults:4 | Received a gift from Okawaru
 56121 | Vaults:5 | Noticed Jorgrun
 56228 | Vaults:4 | Killed Jorgrun
 56635 | Vaults:5 | Reached XP level 23. HP: 205/220 MP: 21/23
 56694 | Vaults:5 | Found Vaxedd's Assorted Antiques.
 56845 | Vaults:5 | Received a gift from Okawaru
 57197 | Vaults:5 | Noticed Mennas
 57282 | Vaults:4 | Killed Mennas
 57461 | Vaults:5 | Noticed an ancient lich
 57464 | Vaults:5 | Paralysed by an ancient lich for 2 turns
 57478 | Vaults:5 | Killed an ancient lich
 58122 | Vaults:5 | Got a translucent falchion {freeze}
 58253 | Vaults:5 | Got a twitching granite ring
 58260 | Vaults:5 | Got a silver rune of Zot
 58273 | Vaults:5 | Identified the cursed +1 falchion "Howketz" {freeze, MP+9} (You took it off an ogre mage on level 5 of the Vaults)
 58279 | Vaults:5 | Identified the ring of Poluxzu {MR+ Str+3 Int+2} (You took it off a vault warden on level 5 of the Vaults)
 59244 | Vaults:2 | Received a gift from Okawaru
 59453 | Lair:1   | Lost mutation: Your body sometimes deteriorates upon taking damage. [potion of cure mutation]
 59453 | Lair:1   | Lost mutation: You are clumsy. (Dex -2) [potion of cure mutation]
 59453 | Lair:1   | Lost mutation: You occasionally shout uncontrollably at your foes. [potion of cure mutation]
 59453 | Lair:1   | Lost mutation: Your spells are a little easier to cast, but a little less powerful. [potion of cure mutation]
 59677 | Depths:1 | Entered Level 1 of the Depths
 59759 | Depths:1 | Found a one-way gate to the infinite horrors of the Abyss.
 60229 | Depths:1 | Reached skill level 27 in Shields
 60550 | Depths:1 | Noticed Saint Roka
 60567 | Depths:1 | Killed Saint Roka
 60597 | Depths:1 | Reached XP level 24. HP: 191/231 MP: 23/23
 60695 | Depths:1 | Paralysed by a giant eyeball for 3 turns
 60704 | Depths:1 | Paralysed by a giant eyeball for 4 turns
 60719 | Depths:1 | Paralysed by a giant eyeball for 4 turns
 60818 | Depths:1 | Received a gift from Okawaru
 60821 | Depths:1 | Got an ebony long sword {god gift}
 60822 | Depths:1 | Identified the +9 long sword of Soikho {flame, rN++ Int+4 SInv Stlth+} (Okawaru gifted it to you on level 1 of the Depths)
 61410 | Depths:2 | Paralysed by a great orb of eyes for 7 turns
 61685 | Depths:2 | Paralysed by a giant eyeball for 4 turns
 62069 | Depths:2 | Reached skill level 27 in Long Blades
 62198 | Depths:2 | Noticed Jory
 62209 | Depths:2 | Killed Jory
 62209 | Depths:2 | Received a gift from Okawaru
 62374 | Depths:2 | Found a shimmering altar of Xom.
 62435 | Depths:2 | Found a one-way gate leading to the halls of Pandemonium.
 62942 | Depths:3 | Noticed Sojobo
 62962 | Depths:3 | Killed Sojobo
 63320 | Depths:3 | Lost intelligence.
 64988 | Depths:3 | Lost intelligence.
 65047 | Depths:3 | Reached XP level 25. HP: 172/242 MP: 14/23
 65622 | Depths:3 | Got a crude jade amulet
 65624 | Depths:3 | Identified the amulet "Ithreferph" {Gourm rN+ Slay+2} (You found it on level 3 of the Depths)
 65657 | Depths:3 | Noticed Norris
 65666 | Depths:3 | Killed Norris
 65776 | Depths:3 | Got a steaming diamond amulet
 66203 | Depths:3 | Received a gift from Okawaru
 66292 | Depths:3 | Found a gateway to a ziggurat.
 66669 | Depths:4 | Found a bloodstained altar of Trog.
 67502 | Depths:5 | Entered Level 5 of the Depths
 67860 | Depths:5 | Found a gate to the Realm of Zot.
 68141 | Depths:5 | Identified the amulet "Hewkof Geic" {+Rage MP+9 Str+3 Int+3} (You found it on level 3 of the Depths)
 69029 | Hell     | Entered the Vestibule of Hell
 69029 | Hell     | Noticed Murray
 69029 | Hell     | Noticed Geryon
 69776 | Crypt:1  | Entered Level 1 of the Crypt
 69966 | Crypt:1  | Received a gift from Okawaru
 70600 | Crypt:1  | Received a gift from Okawaru
 72304 | Elf:3    | Got a scorched dagger {pierce}
 72305 | Elf:3    | Identified the cursed +2 dagger "Qigiheunk" {pierce, +Rage rN+ Int+4 Dex+3} (You took it off a deep elf sorcerer on level 3 of the Elven Halls)
 72318 | Elf:3    | Got a pitted rapier {elec}
 72319 | Elf:3    | Identified the +9 rapier "Lawibuv" {elec, +Inv} (You took it off a deep elf demonologist on level 3 of the Elven Halls)
 72922 | Vaults:5 | Got a shimmering chain mail {god gift}
 72923 | Vaults:5 | Identified the +0 chain mail of the Present {Int+3} (Okawaru gifted it to you on level 5 of the Vaults)
 73416 | Vaults:4 | Got an ichor-stained broad axe {god gift}
 73423 | Vaults:4 | Identified the +4 broad axe of a bazaar {speed, -Tele *Confuse MR+++ Int+8} (Okawaru gifted it to you on level 4 of the Vaults)
 73656 | Crypt:2  | Reached XP level 26. HP: 256/260 MP: 23/23
 73670 | Crypt:2  | Reached skill level 1 in Evocations
 73720 | Crypt:2  | Noticed Mara
 73744 | Crypt:2  | Noticed Peloso's illusion
 73773 | Crypt:2  | Noticed Peloso's illusion
 73806 | Crypt:2  | Noticed Peloso's illusion
 73843 | Crypt:2  | Noticed Peloso's illusion
 73877 | Crypt:2  | Noticed Peloso's illusion
 73892 | Crypt:2  | Noticed Peloso's illusion
 73897 | Crypt:2  | Killed Mara
 74465 | Crypt:2  | Found a basalt altar of Yredelemnul.
 74662 | Crypt:2  | Reached skill level 27 in Fighting
 75022 | Crypt:2  | Received a gift from Okawaru
 75029 | Crypt:2  | Got an encrusted scale mail {god gift}
 75030 | Crypt:2  | Identified the +3 scale mail of the Komtur {-Cast rN+ rCorr} (Okawaru gifted it to you on level 2 of the Crypt)
 75127 | Crypt:3  | Entered Level 3 of the Crypt
 75691 | Crypt:3  | Found a staircase to the Tomb.
 76069 | Crypt:3  | Found an ancient bone altar of Kikubaaqudgha.
 76249 | Crypt:3  | Noticed an ancient lich
 76252 | Crypt:3  | Noticed an ancient lich
 76867 | Crypt:3  | Killed an ancient lich
 76898 | Crypt:3  | Killed an ancient lich
 77062 | Crypt:3  | Identified the Compendium of Sinister Secrets
 77066 | Crypt:3  | Got a bloodstained ring mail
 77073 | Crypt:3  | Identified the Handbook of Feathers
 77075 | Crypt:3  | Identified the cursed +0 ring mail "Reitwybu" {rElec MP-9 Int+2 Dex+4} (You found it on level 3 of the Crypt)
 78555 | Slime:1  | Entered Level 1 of the Pits of Slime
 78704 | Slime:1  | Received a gift from Okawaru
 79177 | Slime:2  | Gained mutation: Armour fits poorly on your strangely shaped body. [a shining eye]
 79378 | Slime:2  | Found a viscous altar of Jiyva.
 79511 | Slime:3  | Reached skill level 10 in Dodging
 79572 | Slime:3  | Reached XP level 27. HP: 238/273 MP: 22/24
 79923 | Slime:3  | Gained mutation: You regenerate slowly when monsters are visible. [a shining eye]
 79998 | Slime:4  | Noticed Anmu's ghost (veteran FoFi)
 80016 | Slime:4  | Killed Anmu's ghost
 80026 | Slime:4  | Gained mutation: You tend to lose your temper in combat. [a shining eye]
 80711 | Slime:5  | Gained mutation: You are frail (-10% HP). [a shining eye]
 80774 | Slime:5  | Found a viscous altar of Jiyva.
 80790 | Slime:5  | Gained mutation: Your flesh is heat resistant. [a shining eye]
 81015 | Slime:6  | Entered Level 6 of the Pits of Slime
 81052 | Slime:6  | Gained mutation: You occasionally shout uncontrollably at your foes. [a shining eye]
 81058 | Slime:6  | Lost mutation: You regenerate slowly when monsters are visible. [a shining eye]
 81286 | Slime:6  | Noticed the Royal Jelly
 82819 | Slime:6  | Killed the Royal Jelly
 82819 | Slime:6  | Received a gift from Okawaru
 83340 | Slime:6  | HP: 11/244 [azure jelly (8)]
 83350 | Slime:5  | HP: 11/245 [slime creature (15)]
 84022 | Slime:6  | Identified a scroll of acquirement
 84158 | Slime:6  | Gained mutation: You expend magic power (3 MP) to strengthen your wands. [a shining eye]
 84160 | Slime:6  | Gained mutation: Scrolls take you a little longer to read. [a shining eye]
 84166 | Slime:6  | Gained mutation: You often lose your temper in combat. [a shining eye]
 84354 | Slime:6  | Got a slimy rune of Zot
 84373 | Slime:6  | Got a pair of twisted gloves
 84384 | Slime:6  | Identified the +2 pair of gloves "Qeeriuva" {Int+6} (You found it on level 6 of the Pits of Slime)
 84459 | Slime:6  | Got a bloodstained plate armour
 84462 | Slime:6  | Identified the cursed +0 plate armour "Hyocapp" {MR+ Str+3} (You found it on level 6 of the Pits of Slime)
 84494 | Slime:6  | Got a scorched jade ring
 84496 | Slime:6  | Identified the ring of Doubts {AC+3 Str+2 Int+4 Dex+4} (You found it on level 6 of the Pits of Slime)
 84915 | Lair:1   | Lost mutation: Armour fits poorly on your strangely shaped body. [potion of cure mutation]
 84915 | Lair:1   | Lost mutation: You are frail (-10% HP). [potion of cure mutation]
 84915 | Lair:1   | Lost mutation: You often lose your temper in combat. [potion of cure mutation]
 84915 | Lair:1   | Lost mutation: Scrolls take you a little longer to read. [potion of cure mutation]
 84915 | Lair:1   | Lost mutation: You occasionally shout uncontrollably at your foes. [potion of cure mutation]
 85218 | Hell     | Found a gateway to the decaying netherworld of Tartarus.
 85285 | Hell     | Reached skill level 15 in Dodging
 85578 | Lair:8   | Killed Murray
 85799 | Hell     | Found a gateway to the ashen valley of Gehenna.
 85808 | Hell     | Received a gift from Okawaru
 86714 | Tomb:1   | Entered Level 1 of the Tomb of the Ancients
 87246 | Tomb:1   | Killed from afar by a hellion

Skill      XL: |  1  2  3  4  5  6  7  8  9 10 11 12 13 14 15 16 17 18 19 20 21 22 23 24 25 26 27 |
---------------+----------------------------------------------------------------------------------+-----
Shields        | 4 5 6 7 9 11 12 14 15 16 17 18 19 20 22 23 24 26 27 | 27.0
Fighting       | 4 5 6 7 9 10 11 12 13 15 16 17 18 19 20 21 23 26 27 | 27.0
Armour         | 4 5 6 7 9 10 11 12 13 14 15 16 17 18 19 21 24 25 | 25.1
Dodging        | 1 2 3 4 5 6 7 8 10 15 | 15.8
Long Blades    | 3 4 5 7 9 10 11 13 15 16 18 19 20 21 22 23 24 25 26 27 | 27.0
Stealth        | 1 2 3 |  3.6
Axes           | 1 |  1.4
Invocations    | 1 2 3 4 |  4.3
Evocations     | 2 |  2.9

Action                   |  1- 3 |  4- 6 |  7- 9 | 10-12 | 13-15 | 16-18 | 19-21 | 22-24 | 25-27 || total
-------------------------+-------+-------+-------+-------+-------+-------+-------+-------+-------++-------
Melee: Long sword        |   108 |   135 |   328 |   758 |    31 |       |       |   127 |    47 ||  1534
       Headbutt          |    14 |    18 |    60 |   220 |   310 |   282 |   582 |   591 |   834 ||  2911
       Double sword      |       |       |       |   121 |  1112 |  1173 |  1776 |  1554 |  2190 ||  7926
       Hand axe          |       |       |       |       |    50 |       |       |       |       ||    50
       Unarmed           |       |       |       |       |       |     2 |       |       |       ||     2
Invok: Heroism           |       |       |       |     1 |     3 |     8 |     6 |    16 |     9 ||    43
       Finesse           |       |       |       |       |       |       |       |       |     1 ||     1
 Abil: Evoke Flight      |       |       |       |       |       |     1 |     1 |       |       ||     2
Evoke: Wand              |       |       |       |       |       |     2 |     1 |       |    12 ||    15
  Use: Scroll            |       |       |    12 |    15 |    16 |    12 |    14 |    17 |    29 ||   115
       Potion            |       |       |       |     2 |       |     5 |     1 |     4 |    21 ||    33
 Stab: Confused          |       |       |       |     1 |       |       |       |       |       ||     1
  Eat: Chunk             |     1 |     4 |    11 |    29 |    33 |    26 |    34 |    30 |    11 ||   179
       Beef jerky        |       |     1 |       |     1 |     2 |     6 |       |     1 |     3 ||    14
       Fruit             |       |       |       |     1 |       |     6 |     5 |    14 |    21 ||    47
       Royal jelly       |       |       |       |       |       |     1 |     1 |       |     2 ||     4
       Pizza             |       |       |       |       |       |     2 |     2 |       |    14 ||    18
       Meat ration       |       |       |       |       |       |       |       |       |     2 ||     2
       Bread ration      |       |       |       |       |       |       |       |       |     2 ||     2
Armor: Scale mail        |    42 |    29 |       |       |       |       |       |       |   332 ||   403
       Chain mail        |       |    33 |    19 |       |       |       |       |       |       ||    52
       Plate armour      |       |       |   113 |   495 |   652 |   480 |   713 |    91 |       ||  2544
       Gold dragon armou |       |       |       |       |       |       |       |   439 |   567 ||  1006
Dodge: Dodged            |    39 |    39 |    58 |   221 |   378 |   313 |   524 |   333 |   857 ||  2762
Block: Shield            |    55 |    65 |   135 |   616 |   894 |   906 |       |       |  2364 ||  5035
       Reflection        |       |       |       |       |       |    46 |   139 |   133 |    48 ||   366
       Large shield      |       |       |       |       |       |    94 |  2692 |  2051 |   133 ||  4970
